 Dungeon Crawl Stone Soup version 0.28-a0-401-ge240ad9e29 (webtiles) character file.

Game seed: 13753194742028252796

11172 dolemite99 the Zephyrmancer (level 12, 0/62 HPs)
             Began as a Kobold Summoner on Sept 4, 2021.
             Was an Initiate of Gozag.
             Succumbed to a black mamba's poison
             ... on level 10 of the Dungeon.
             The game lasted 00:39:03 (21185 turns).

dolemite99 the Zephyrmancer (Kobold Summoner)      Turns: 21185, Time: 00:39:04

Health: 0/62       AC:  9    Str:  9    XL:     12   Next: 4%
Magic:  10/22      EV: 19    Int: 17    God:    Gozag
Gold:   1059       SH:  5    Dex: 16    Spells: 7/25 levels left

rFire   . . .      SeeInvis .   a - +2 short sword (elec)
rCold   . . .      Faith    .   (shield restricted)
rNeg    . . .      Spirit   .   L - +2 robe {Will+}
rPois   .          Reflect  +   R - +1 helmet
rElec   .          Harm     .   t - +0 cloak
rCorr   .          Rampage  .   C - +0 pair of gloves
Will    ++...                   o - +0 pair of boots
Stlth   ++++......              D - amulet of reflection
HPRegen 0.20/turn               Q - +4 ring of evasion
MPRegen 0.18/turn               j - ring of willpower

@: lethally poisoned (0 -> -14)
A: small, no large weapons, nightstalker 3
a: Renounce Religion, Potion Petition, Call Merchant, Bribe Branch


You were on level 10 of the Dungeon.
You worshipped Gozag.
Gozag was most pleased with you.
You visited 2 branches of the dungeon, and saw 12 of its levels.

You collected 2094 gold pieces.
You spent 364 gold pieces at shops.
You paid 671 gold pieces to Gozag.

Inventory:

Hand Weapons
 a - a +2 short sword of electrocution (weapon)
 c - a +0 club
 d - a +0 whip
 f - a +0 hand axe
 g - a +0 dagger
 i - a +1 dagger of venom
 k - a +0 shortbow
 l - a +2 flail of protection
 u - a +0 hunting sling
 w - a +0 short sword
 B - a +1 long sword of holy wrath
 E - a +0 hunting sling
 M - a +0 hunting sling
 U - a +2 dagger of venom
 V - a +2 flail of protection
Missiles
 b - 136 arrows
 e - 297 stones
 r - 20 sling bullets
 x - 8 boomerangs
 S - 9 poisoned darts (quivered)
 W - 8 boomerangs of dispersal
Armour
 o - a +0 pair of boots (worn)
 t - a +0 cloak (worn)
 y - a +0 robe
 C - a +0 pair of gloves (worn)
 F - a +0 helmet
 L - a +2 robe of willpower (worn)
 R - a +1 helmet (worn)
 T - +0 swamp dragon scales
Magical Staves
 I - a staff of death
 P - a staff of cold
Jewellery
 j - a ring of willpower (right hand)
 A - an amulet of regeneration
 D - an amulet of reflection (around neck)
 Q - a +4 ring of evasion (left hand)
Wands
 N - a wand of polymorph (15)
Scrolls
 n - a scroll of immolation
 G - a scroll of brand weapon
 K - 2 scrolls of amnesia
 X - a scroll of teleportation
Potions
 h - 2 potions of flight
 m - a potion of magic
 p - 4 potions of mutation
 q - 3 potions of curing
 s - a potion of brilliance
 v - 3 potions of lignification
 z - 12 potions of ambrosia
 J - 3 potions of attraction
 O - 3 potions of berserk rage


   Skills:
 - Level 1.6 Fighting
 - Level 6.0 Short Blades
 - Level 2.4 Dodging
 - Level 5.6 Stealth
 - Level 7.2 Spellcasting
 - Level 5.1 Conjurations
 + Level 5.9 Hexes
 - Level 10.0 Summonings
 - Level 10.1 Air Magic


You had 7 spell levels left.
You knew the following spells:

 Your Spells              Type           Power      Damage    Failure   Level
a - Summon Lightning Spi  Summ/Air       40%        N/A       1%          4
b - Call Canine Familiar  Summ           40%        N/A       1%          3
c - Call Imp              Summ           40%        N/A       1%          2
d - Summon Guardian Gole  Hex/Summ       33%        N/A       1%          3
e - Mephitic Cloud        Conj/Pois/Air  23%        N/A       4%          3
f - Confusing Touch       Hex            26%        N/A       3%          3

Your spell library contained the following spells:

 Spells                   Type           Power      Damage    Failure   Level
 Magic Dart               Conj           92%        1d7       1%          1
 Summon Small Mammal      Summ           100%       N/A       1%          1
 Slow                     Hex            26%        N/A       1%          2
 Yara's Violent Unravell  Hex/Tmut       8%         3d5       67%         5
 Animate Dead             Necr           3%         N/A       75%         4
 Borgnjor's Vile Clutch   Necr/Erth      3%         N/A       97%         5
 Death Channel            Necr           3%         N/A       100%        6


Dungeon Overview and Level Annotations

Branches:
Dungeon (11/15)            Temple (0/1) D:7            Lair (1/6) D:10
    Orc: D:9-12

Altars:
Fedhas
Gozag
Trog

Shops:
D:7 !


Innate Abilities, Weirdness & Mutations

You are small and have problems with some larger weapons.
You are completely attuned to the shadows.


Message History

The yak barely misses you. You block the black mamba's attack.
You feel better.
Your surroundings suddenly seem different.
You start resting.
A black mamba is nearby!
A black mamba is nearby!
Casting: Summon Guardian Golem (safe; 1% risk of failure)
Confirm with . or Enter, or press ? or * to list all spells.
An electric hum fills the air.
The black mamba hisses angrily.
The black mamba bites you!
* * * LOW HITPOINT WARNING * * *
Casting: Summon Lightning Spire (dangerous; 1% risk of failure)
Confirm with . or Enter, or press ? or * to list all spells.
The black mamba misses you. The black mamba closely misses you.
The black mamba bites you.
* * * LOW HITPOINT WARNING * * *
You are lethally poisoned!
The black mamba poisons you!
Your hound bites the black mamba but does no damage.
The black mamba bites you.
* * * LOW HITPOINT WARNING * * *
Casting: Call Canine Familiar (safe; 1% risk of failure)
Confirm with . or Enter, or press ? or * to list all spells.
An electric hum fills the air.
* * * LOW HITPOINT WARNING * * *
You feel very sick.
Your lightning spire disappears in a puff of smoke!
The black mamba closely misses you.
Your hound bites the black mamba.
The black mamba completely misses you.
Your hound closely misses the black mamba.
* * * LOW HITPOINT WARNING * * *
You feel very sick. The black mamba completely misses you.
Your hound misses the black mamba.
Casting: Summon Lightning Spire (dangerous; 1% risk of failure)
Confirm with . or Enter, or press ? or * to list all spells.
A beastly little devil appears in a puff of frigid air.
Your white imp says, "I'm here!"
You die...
Your body crumbles into a pile of gold.

.............#.........##########
....P.P.PP...#.........#....#....
...P.........#.<.......'....#....
P.......P.P..#.........#....#....
....####...P.###########....#....
.P..#>Y#..P............######..#.
P...#YS#...............#.......#.
....##Y#..P....8.5.....#.......#.
...P.....P.....S@.ยง....#.......#.
.......P.......h.......#...<...#.
.....P......###'########.....#'##
)...........#......#.........#...
.#......P...+..)...'.........#...
.#.....#....#......#.........#...
.#.....#....#......#.........#...
##....#######.....)##############
....).#.............#......#.....


You could see a black mamba (ally target), a friendly lightning spire
(summoned), a friendly hound (summoned) and a friendly white imp (summoned).

Vanquished Creatures
  A two-headed ogre (D:7)
  A shadow (D:9)
  A yak (D:10)
  A vampire mosquito (D:10)
  A water moccasin (D:6)
  An ice beast (D:5)
  A hornet zombie (D:7)
  An orc warrior (D:6)
  An ogre (D:6)
  A necrophage (D:6)
  A centaur (D:5)
  6 bullfrogs
  9 killer bees
  A bullfrog zombie (D:6)
  A hound (D:4)
  A bullfrog skeleton (D:5)
  2 jellies
  3 orc priests
  An iguana (D:6)
  3 orc wizards
  A howler monkey skeleton (D:4)
  2 howler monkey zombies
  2 shadow imps (D:7)
  A white imp (D:6)
  4 dart slugs
  10 orcs
  6 ball pythons
  4 endoplasms
  2 goblins (D:2)
  3 hobgoblins
  3 kobolds
  3 quokkas
  3 bats
  A frilled lizard (D:1)
  2 rats
85 creatures vanquished.

Vanquished Creatures (collateral kills)
  A two-headed ogre (D:8)
  Maggie (D:8)
  An unseen horror (D:9)
  A komodo dragon (D:10)
  A queen bee (D:10)
  A troll (D:10)
  A hornet (D:9)
  4 yaks
  2 wyverns (D:9)
  2 vampire mosquitoes (D:10)
  An acid dragon (D:8)
  2 water moccasins
  An orc warrior (D:10)
  A black bear (D:8)
  2 ice beasts
  An ogre (D:6)
  A sky beast (D:6)
  2 centaurs
  A phantom (D:7)
  2 bullfrogs (D:7)
  A gnoll sergeant (D:9)
  2 scorpions
  A wyvern skeleton (D:7)
  19 killer bees
  5 wights (D:7)
  2 howler monkeys
  2 centaur zombies (D:7)
  A bullfrog zombie (D:6)
  2 hounds
  2 jellies (D:6)
  2 centaur skeletons
  4 orc priests
  2 gnoll shamans
  2 bullfrog skeletons
  5 iguanas
  3 orc wizards
  2 killer bee zombies
  15 gnolls
  A howler monkey skeleton (D:7)
  4 adders
  A shadow imp (D:5)
  A white imp (D:7)
  3 dart slugs
  8 orcs
  2 ball pythons (D:2)
  5 endoplasms
  2 giant cockroaches (D:1)
  2 goblins (D:1)
  4 hobgoblins
  2 jackals (D:4)
  3 quokkas
  9 bats
  2 frilled lizards
  5 kobolds
  3 rats (D:1)
158 creatures vanquished.

Vanquished Creatures (others)
  A two-headed ogre (D:10)
  A wizard (D:3)
  A troll (D:10)
  A yak (D:10)
  A vampire mosquito (D:10)
  3 orc warriors
  4 killer bees
  3 orcs
  13 fungi (D:10)
  33 plants
  4 toadstools (D:1)
65 creatures vanquished.

Grand Total: 308 creatures vanquished

Notes
Turn   | Place    | Note
-------+----------+-------------------------------------------
     0 | D:1      | dolemite99 the Kobold Summoner began the quest for the Orb.
     0 | D:1      | Reached XP level 1. HP: 10/10 MP: 3/3
   528 | D:1      | Reached XP level 2. HP: 4/16 MP: 0/5
   867 | D:1      | Learned a level 2 spell: Call Imp
  1028 | D:1      | Reached skill level 1 in Fighting
  1427 | D:1      | Reached XP level 3. HP: 20/20 MP: 2/6
  2532 | D:2      | Reached XP level 4. HP: 26/26 MP: 3/7
  2541 | D:2      | Reached skill level 1 in Short Blades
  2854 | D:2      | Found an opulent altar of Gozag.
  2859 | D:2      | Became a worshipper of Gozag Ym Sagoz the Greedy
  3061 | D:2      | Learned a level 3 spell: Call Canine Familiar
  3152 | D:2      | Reached XP level 5. HP: 27/30 MP: 0/8
  3558 | D:2      | Found a faded altar of an unknown god.
  3982 | D:3      | Reached skill level 5 in Stealth
  3982 | D:3      | Reached skill level 5 in Summonings
  4460 | D:3      | Found a bloodstained altar of Trog.
  4463 | D:3      | Noticed a wizard
  4475 | D:3      | Killed a wizard
  5044 | D:4      | Reached XP level 6. HP: 26/35 MP: 3/9
  6444 | D:5      | Entered Level 5 of the Dungeon
  6444 | D:5      | Noticed an ice beast
  7078 | D:5      | Reached XP level 7. HP: 34/39 MP: 10/10
  7096 | D:5      | Reached skill level 5 in Short Blades
  7284 | D:5      | Learned a level 3 spell: Confusing Touch
  8295 | D:5      | Reached XP level 8. HP: 43/44 MP: 11/11
  8724 | D:6      | Reached skill level 5 in Spellcasting
  9213 | D:6      | Reached XP level 9. HP: 48/48 MP: 14/19
  9331 | D:6      | Learned a level 4 spell: Summon Lightning Spire
  9400 | D:6      | Reached skill level 1 in Air Magic
 10282 | D:7      | Reached skill level 5 in Air Magic
 10922 | D:7      | Noticed a two-headed ogre
 11237 | D:7      | Killed a two-headed ogre
 11238 | D:7      | Reached XP level 10. HP: 13/53 MP: 5/20
 11415 | D:7      | Found a staircase to the Ecumenical Temple.
 11445 | D:7      | Bought a potion of heal wounds for 70 gold pieces
 11445 | D:7      | Bought a potion of lignification for 42 gold pieces
 11445 | D:7      | Bought a potion of curing for 42 gold pieces
 11445 | D:7      | Bought a potion of berserk rage for 70 gold pieces
 11445 | D:7      | Bought 2 potions of berserk rage for 140 gold pieces
 11500 | D:7      | Noticed a skeletal warrior
 12096 | D:8      | Noticed Maggie
 12116 | D:8      | Killed Maggie
 12682 | D:8      | Noticed a two-headed ogre
 12701 | D:8      | Killed a two-headed ogre
 13032 | D:8      | Found a blossoming altar of Fedhas.
 13168 | D:9      | Learned a level 3 spell: Summon Guardian Golem
 13472 | D:9      | Reached XP level 11. HP: 52/57 MP: 15/21
 14295 | D:9      | Reached skill level 10 in Air Magic
 14404 | D:9      | Reached skill level 10 in Summonings
 14804 | D:9      | Learned a level 3 spell: Mephitic Cloud
 15388 | D:10     | Entered Level 10 of the Dungeon
 15521 | D:10     | Reached skill level 1 in Conjurations
 15962 | D:10     | Noticed a two-headed ogre
 15975 | D:10     | Killed a two-headed ogre
 16515 | D:10     | Found a staircase to the Lair.
 16669 | D:10     | Reached skill level 5 in Conjurations
 16804 | D:10     | Reached skill level 1 in Hexes
 19664 | D:10     | Reached skill level 5 in Hexes
 20077 | D:10     | Reached XP level 12. HP: 21/62 MP: 4/22
 20792 | D:11     | Noticed a fire dragon
 20854 | Lair:1   | Entered Level 1 of the Lair of Beasts
 21185 | D:10     | Succumbed to a black mamba's poison

Illustrated notes

Levels and vault maps discovered:
D:1:      ldierk_walled_garden_2, layout_basic
D:2:      layout_basic, basic_altar, hellmonk_ecumenical_altar_prayer_group,
          minmay_misc_feat_diagonals
D:3:      layout_loops_ring, trog_wizard, small_statue_intersection
D:4:      layout_cave_pools
D:5:      layout_rooms
D:6:      layout_loops_corners, minmay_checkerbox
D:7:      nzn_winding_woodlands_stair_cross
          [nzn_winding_woodlands_5x15_concentric,
          nzn_winding_woodlands_center_garden,
          nzn_winding_woodlands_5x15_garden, nzn_winding_woodlands_5x5_three,
          nzn_winding_woodlands_hourglass, nzn_winding_woodlands_5x15_longhouse,
          nzn_winding_woodlands_center_triple_pond,
          nzn_winding_woodlands_5x15_sawtooth], layout_basic,
          minmay_temple_entry_ruins, kennysheep_generic_room_13
D:8:      layout_basic, fedhas_altar_1, uniq_maggie
D:9:      layout_loops_ring
D:10:     layout_grid_maze, grunt_lair_entry_orc_guard_hut, minivault_7
D:11:     minmay_the_grid_3x3 [minmay_the_grid_pillar_ring,
          minmay_the_grid_tri_star, minmay_the_grid_all_tris,
          minmay_the_grid_gridbox, minmay_the_grid_odd_star,
          minmay_the_grid_eight, minmay_the_grid_dragon_a, minmay_the_grid_x,
          minmay_the_grid_prize_inner_circle], layout_stronghold
Lair:1:   layout_chaotic_city, uniq_joseph

Skill      XL: |  1  2  3  4  5  6  7  8  9 10 11 |
---------------+----------------------------------+-----
Stealth        | 3 4 5 |  5.6
Fighting       | 1 |  1.6
Short Blades   | 2 3 4 6 |  6.0
Summonings     | 5 6 7 9 10 | 10.0
Spellcasting   | 6 7 |  7.2
Air Magic      | 7 9 10 | 10.1
Conjurations   | 5 |  5.1
Hexes          | 5 |  5.9
Dodging        | |  2.4

Action                   |  1- 3 |  4- 6 |  7- 9 | 10-12 || total
-------------------------+-------+-------+-------+-------++-------
Melee: Club              |    15 |       |       |       ||    15
       Unarmed           |     1 |       |       |       ||     1
       Whip              |    12 |       |       |       ||    12
       Hand axe          |     4 |       |       |       ||     4
       Dagger            |     1 |    69 |   141 |    72 ||   283
       Flail             |       |    25 |       |       ||    25
       Short sword       |       |       |       |   105 ||   105
 Fire: Hunting sling     |       |    10 |       |       ||    10
Throw: Boomerang         |       |       |       |    12 ||    12
       Dart              |       |       |       |     4 ||     4
 Cast: Summon Small Mamm |    25 |    13 |    22 |       ||    60
       Call Imp          |    19 |    25 |    30 |    15 ||    89
       Call Canine Famil |       |    16 |    29 |    29 ||    74
       Summon Lightning  |       |       |     6 |    67 ||    73
       Summon Guardian G |       |       |       |    27 ||    27
Invok: Call Merchant     |       |       |       |     1 ||     1
Evoke: Wand              |       |       |     5 |     1 ||     6
  Use: Scroll            |       |     4 |     9 |    10 ||    23
       Potion            |       |     2 |     1 |     4 ||     7
 Stab: Distracted        |     1 |       |     4 |     1 ||     6
       Sleeping          |     6 |     7 |     5 |     4 ||    22
       Paralysed         |       |       |     2 |       ||     2
Armor: Robe              |     9 |    30 |    21 |    78 ||   138
Dodge: Dodged            |    68 |   132 |   107 |   367 ||   674
Block: Other             |       |       |       |    71 ||    71
       Reflection        |       |       |       |     3 ||     3

Table legend: (Time is in decaauts)
 A = Elapsed time spent in this place.
 B = Non-inter-level travel time spent in this place.
 C = Inter-level travel time spent in this place.
 D = Time resting spent in this place.
 E = Time spent auto-exploring this place.
 F = Levels seen in this place.
 G = Mean time per level.
                   A        B        C        D        E       F      G
               +--------+--------+--------+--------+--------+-----+--------+
         Total |  21109 |  20699 |    410 |   8053 |   8665 |  12 | 1759.1 |
       Dungeon |  21060 |  20651 |    409 |   8053 |   8653 |  11 | 1914.5 |
          Lair |     48 |     48 |      0 |      0 |     12 |   1 |   48.0 |
               +--------+--------+--------+--------+--------+-----+--------+

Top non-repeatable levels by time:
    D:10: 5617 daAuts
     D:1: 2405 daAuts
     D:9: 2228 daAuts
     D:4: 2118 daAuts
     D:7: 1587 daAuts
     D:6: 1578 daAuts
     D:5: 1507 daAuts
     D:8: 1389 daAuts
     D:3: 1273 daAuts
     D:2: 1236 daAuts
    D:11: 117 daAuts
  Lair:1: 48 daAuts
